AoeStats
← eyupfc

Arena

506608703Analyzed
1v1 RM · 18d ago on Sep 14, 2026· 31m 14s· 2 players
Game mode
Random Map
Map size
Tiny (2 player)
Population
200
Speed
Normal
Resources
Standard
Victory
Conquest
Starting age
Dark Age
Ending age
Imperial Age
RankedLock teamsTeams togetherTeam positionsShared explorationLock speedFull tech treeHidden civsTurbo modeCheats
Victory
Defeat
🇹🇼 Bulgarians · Taiwan
1272
+15
🇹🇷 Malay · Türkiye
1242
-15
eyupfc
9:01 Feudal Age
8:38 Double-Bit Axe
8:34 Horse Collar
15:58 Castle Age
15:59 Bow Saw
19:24 Crossbowman
26:02 Fletching
28:54 Loom
31:17 Murder Holes
5679325949
8:08 Loom
8:19 Loom
11:26 Feudal Age
16:01 Castle Age
14:04 Double-Bit Axe
15:10 Forging
15:14 Horse Collar
17:38 Fletching
24:48 Bodkin Arrow
31:04 Scale Barding Armor
Connection lost

Rejoining the realm…

Still unreachable

The connection could not be restored.

Session expired

The server has moved on; the page needs a fresh start.